 Dungeon Crawl Stone Soup version 0.31-a0-868-g674d60d6f7 (webtiles) character file.

Game seed: 4123391323577385700

2296 TrayleKats the Skirmisher (level 9, -5/75 HPs)
             Began as a Barachi Hunter on Aug 24, 2023.
             Was a Believer of Okawaru.
             Slain by a gnoll sergeant
             ... wielding a +0 spear
              (11 damage)
             ... on level 7 of the Dungeon on Oct 11, 2023.
             The game lasted 00:12:33 (6755 turns).

TrayleKats the Skirmisher (Barachi Hunter)          Turns: 6755, Time: 00:12:33

Health: -5/75      AC:  7    Str: 16    XL:     9   Next: 40%
Magic:  9/9        EV: 10    Int: 10    God:    Okawaru [**....]
Gold:   277        SH:  0    Dex: 16    Spells: 8/8 levels left

rFire   . . .        v - +0 orcbow
rCold   . . .        (shield currently unavailable)
rNeg    . . .        u - +0 scale mail
rPois   .            (no helmet)
rElec   .            s - +0 cloak
rCorr   .            (no gloves)
SInv    .            (no boots)
Will    .....        p - amulet of regeneration Stlth
                     (no ring)
HPRegen 1.12/turn    (no ring)
MPRegen 0.11/turn

%: no passive effects
@: slow
A: amphibious, slowness 1, strong legs 1, +LOS
a: Hop, Renounce Religion, Heroism


You were on level 7 of the Dungeon.
You worshipped Okawaru.
Okawaru was pleased with you.
You visited 2 branches of the dungeon, and saw 8 of its levels.

You collected 277 gold pieces.

Inventory:

Hand Weapons
 v - a +0 orcbow (weapon)
Armour
 c - a +0 leather armour
 s - a +0 cloak (worn)
 u - a +0 scale mail (worn)
Jewellery
 p - an amulet of regeneration (around neck)
Talismans
 n - a flux talisman
Wands
 z - a wand of paralysis (10)
Scrolls
 a - a scroll of poison {unknown}
 b - 2 scrolls of butterflies
 d - a scroll of amnesia {unknown}
 e - 2 scrolls of teleportation {unknown}
 g - 8 scrolls of identify
 i - a scroll of fear {unknown}
 j - a scroll of enchant armour {unknown}
 m - 3 scrolls of fog
 o - 2 scrolls of enchant weapon {unknown}
 q - a scroll of torment
 x - a scroll of silence {unknown}
 y - a scroll of noise {unknown}
Potions
 f - a potion of magic {unknown}
 h - 2 potions of lignification
 k - 2 potions of curing
 l - 3 potions of mutation {unknown}
 r - a potion of heal wounds {unknown}
 t - a potion of attraction {unknown}
 w - a potion of ambrosia {unknown}
 A - a potion of cancellation {unknown}


   Skills:
 + Level 8.9 Fighting
 * Level 10.7 Ranged Weapons
 - Level 2.3 Dodging
 - Level 1.1 Stealth


You had 8 spell levels left.
You didn't know any spells.
Your spell library contained the following spells:

 Spells                   Type           Power      Damage    Failure   Level
 Kiss of Death            Conj/Necr      0%         2d5       82%         1
 Shock                    Conj/Air       0%         1d3       82%         1
 Confusing Touch          Hex            0%         N/A       99%         3
 Ozocubu's Armour         Ice            0%         N/A       99%         3
 Portal Projectile        Hex/Tloc       0%         N/A       99%         3
 Swiftness                Air            0%         N/A       99%         3
 Airstrike                Air            0%         2d(0-16)  100%        4
 Dispel Undead            Necr           0%         3d6       100%        4
 Iskenderun's Mystic Bla  Conj/Tloc      0%         2d3       100%        4
 Orb of Destruction       Conj           0%         9d5       100%        7
 Ozocubu's Refrigeration  Ice            0%         4d7       100%        7
 Summon Guardian Golem    Hex/Summ       Unusable   N/A       N/A         3
 Tukima's Dance           Hex            Unusable   N/A       N/A         3
 Spellforged Servitor     Conj/Summ      Unusable   N/A       N/A         7

Dungeon Overview and Level Annotations

Branches:
Dungeon (7/15)             Temple (1/1) D:4

Altars:
Fedhas
Hepliaklqana
Kikubaaqudgha
Okawaru
Qazlal
Sif Muna
Trog
Uskayaw
Vehumet
Wu Jian
Xom
Yredelemnul
Zin
The Shining One
Lugonu

Shops:
D:6 (

Annotations:
D:3 1 runed translucent door, Crazy Yiuf


Innate Abilities, Weirdness & Mutations

You are amphibious.
You cover ground slowly.
You can hop short distances.
You have an extended range of vision and can be seen from far away.


Message History

Fire: v) +0 orcbow
Press: ? - help, Q - select action, (/) - cycle Shift-Dir - straight line, f/p - gnoll sergeant
Aim: a gnoll sergeant, wielding a +0 spear and wearing a +0 scale mail (severely wounded, 71% to hit)
You shoot an arrow.
The arrow hits the gnoll sergeant but does no damage.
The gnoll sergeant is severely wounded.
The gnoll sergeant completely misses you.
The gnoll hits you from afar with a +0 spear.
* * * LOW HITPOINT WARNING * * *
Fire: v) +0 orcbow
Press: ? - help, Q - select action, (/) - cycle Shift-Dir - straight line, f/p - gnoll sergeant
Aim: a gnoll sergeant, wielding a +0 spear and wearing a +0 scale mail (severely wounded, 71% to hit)
You shoot an arrow.
The arrow barely misses the gnoll sergeant.
The gnoll sergeant hits you from afar with a +0 spear.
* * * LOW HITPOINT WARNING * * *
The gnoll closely misses you.
Fire: v) +0 orcbow
Press: ? - help, Q - select action, (/) - cycle Shift-Dir - straight line, f/p - gnoll sergeant
Aim: a gnoll sergeant, wielding a +0 spear and wearing a +0 scale mail (severely wounded, 71% to hit)
You shoot an arrow.
The arrow closely misses the gnoll sergeant.
The gnoll sergeant misses you.
The gnoll hits you from afar with a +0 spear.
* * * LOW HITPOINT WARNING * * *
Fire: v) +0 orcbow
Press: ? - help, Q - select action, (/) - cycle Shift-Dir - straight line, f/p - gnoll sergeant
Aim: a gnoll sergeant, wielding a +0 spear and wearing a +0 scale mail (severely wounded, 71% to hit)
You shoot an arrow.
The arrow barely misses the gnoll sergeant.
The gnoll sergeant hits you with a +0 spear!
* * * LOW HITPOINT WARNING * * *
The gnoll barely misses you.
Fire: v) +0 orcbow
Press: ? - help, Q - select action, (/) - cycle Shift-Dir - straight line, f/p - gnoll sergeant
Aim: a gnoll sergeant, wielding a +0 spear and wearing a +0 scale mail (severely wounded, 71% to hit)
You shoot an arrow. The arrow hits the gnoll sergeant.
The gnoll sergeant is almost dead.
The gnoll sergeant hits you with a +0 spear!
You die...

........##.#.........###.
.....8.........gg.g...#..
..................8.8...
........#... ...g.....# ..
............# ...88h.## ....
#.............# ......#
......§.P..........# #g....
...§§.§§§.#......gg## #.)...
....§§§§.##.....@#†.#. #...#[
.....P....#....###gg... ##...#
.....##§........>......####g..##
......#..##......~....##..g....##
.........##.....~.~......).......
...............~~~...............
................~~...............
........###....~~~~..............
..........##..P....P.............


You could see a gnoll sergeant and a gnoll.

Vanquished Creatures
  Prince Ribbit (D:6)
  Grinder (D:3)
  2 black bears
  An ogre (D:4)
  2 centaurs
  A phantom (D:6)
  Blork the orc (D:5)
  2 bullfrogs (D:6)
  3 scorpions
  3 wights (D:7)
  A howler monkey (D:7)
  5 bullfrog zombies
  A centaur zombie (D:5)
  A hound (D:5)
  2 jellies (D:6)
  A sleepcap (D:7)
  Natasha (thrice) (D:3)
  3 iguanas
  3 orc wizards
  A scorpion zombie (D:5)
  2 killer bee zombies (D:7)
  4 howler monkey zombies (D:7)
  2 gnolls (D:7)
  9 adders
  An ufetubus (D:6)
  2 worms
  4 dart slugs
  6 orcs
  7 bats
  3 endoplasms
  2 giant cockroaches
  7 goblins
  7 hobgoblins
  11 jackals
  6 quokkas
  13 ball pythons
  A frilled lizard (D:1)
  5 kobolds
  10 rats
140 creatures vanquished.

Notes
Turn   | Place    | Note
-------+----------+-------------------------------------------
     0 | D:1      | TrayleKats the Barachi Hunter began the quest for the Orb.
     0 | D:1      | Reached XP level 1. HP: 17/17 MP: 1/1
    26 | D:1      | Reached skill level 1 in Stealth
    64 | D:1      | Reached XP level 2. HP: 23/23 MP: 2/2
   279 | D:1      | Reached XP level 3. HP: 25/29 MP: 3/3
   894 | D:2      | Reached skill level 5 in Ranged Weapons
   894 | D:2      | Reached XP level 4. HP: 15/35 MP: 4/4
  1548 | D:3      | Reached XP level 5. HP: 42/42 MP: 5/5
  2078 | D:3      | Noticed Natasha
  2336 | D:3      | Killed Natasha
  2408 | D:3      | Upgraded the game from 0.31-a0-626-g8143ab4f1d to
                  | 0.31-a0-868-g674d60d6f7
  2427 | D:3      | Noticed Grinder
  2432 | D:3      | Paralysed by Grinder for 4 turns
  2583 | D:3      | Noticed Natasha
  2597 | D:3      | Killed Natasha
  2599 | D:3      | Paralysed by Grinder for 3 turns
  2796 | D:3      | Paralysed by Grinder for 4 turns
  2806 | D:3      | Killed Grinder
  2807 | D:3      | Reached skill level 5 in Fighting
  2807 | D:3      | Reached skill level 6 in Ranged Weapons
  2807 | D:3      | Reached XP level 6. HP: 47/51 MP: 6/6
  2876 | D:3      | Noticed Natasha
  2882 | D:3      | Killed Natasha
  3070 | D:3      | Found a runed translucent door.
  3071 | D:3      | Noticed Crazy Yiuf
  3118 | D:4      | Found a staircase to the Ecumenical Temple.
  3130 | Temple   | Entered the Ecumenical Temple
  3143 | Temple   | Became a worshipper of Warmaster Okawaru
  3343 | D:4      | Reached skill level 7 in Ranged Weapons
  3343 | D:4      | Reached XP level 7. HP: 9/56 MP: 7/7
  3675 | D:4      | Found a hazy altar of Hepliaklqana.
  3860 | D:4      | Found a bloodstained altar of Trog.
  3941 | D:5      | Entered Level 5 of the Dungeon
  4361 | D:5      | Noticed Blork the orc
  4617 | D:5      | Reached * piety under Okawaru
  4618 | D:5      | Reached skill level 8 in Ranged Weapons
  4716 | D:5      | Killed Blork the orc
  4717 | D:5      | Reached XP level 8. HP: 65/65 MP: 8/8
  4822 | D:5      | Found a basalt altar of Yredelemnul.
  5059 | D:6      | Found a stormy altar of Qazlal.
  5105 | D:6      | Reached skill level 9 in Ranged Weapons
  5369 | D:6      | Reached ** piety under Okawaru
  5475 | D:6      | Found an ornate altar of the Wu Jian Council.
  5840 | D:6      | Found an ancient bone altar of Kikubaaqudgha.
  5895 | D:6      | Found Tuczuoge's Antique Weapon Boutique.
  6139 | D:7      | Found a shimmering blue altar of Sif Muna.
  6140 | D:7      | Noticed Prince Ribbit
  6158 | D:6      | Killed Prince Ribbit
  6159 | D:6      | Reached skill level 10 in Ranged Weapons
  6159 | D:6      | Reached XP level 9. HP: 24/75 MP: 9/9
  6707 | D:7      | Reached *** piety under Okawaru
  6755 | D:7      | Slain by a gnoll sergeant

Illustrated notes

Levels and vault maps discovered:
D:1:      mrwooster_arrival_statue, layout_loops_ring
D:2:      layout_basic
D:3:      layout_loops_cross, serial_forest, infiniplex_forest_clump_long,
          infiniplex_forest_straight_1, infiniplex_forest_clump_C,
          infiniplex_forest_zigzag_2, infiniplex_forest_lined_3,
          infiniplex_forest_end_3, infiniplex_forest_straight_4,
          infiniplex_forest_fountain, roderic_filled_cross, minmay_diced_spiral,
          uniq_natasha, uniq_grinder, uniq_crazy_yiuf_cottage
D:4:      layout_rooms, lightli_temple_of_fire, nzn_hepliaklqana_mist_gate,
          minmay_temple_entry_drinking_statues
D:5:      layout_basic, nicolae_yredelemnul_corpse_copse, uniq_blork_the_orc
D:6:      layout_loops_cross, nzn_wu_jian_contemplation,
          nicolae_overflow_crystal_walls,
          mainiacjoe_overflow_concentric_impassable, serial_shops,
          kennysheep_mini_moat
D:7:      layout_cave_pools, mainiacjoe_overflow_catwalk, serial_undead,
          serial_undead_e, serial_undead_f, serial_undead_b, serial_undead_d,
          serial_undead_a, serial_undead_c, serial_shops,
          nicolae_shop_rolling_square, chequers_decorated_corner,
          corner_web_ring, uniq_prince_ribbit1
Temple:   corrupted_temple

Skill      XL: |  1  2  3  4  5  6  7  8 |
---------------+-------------------------+-----
Stealth        | 1 |  1.1
Fighting       | 3 5 6 8 |  8.9
Ranged Weapons | 5 6 7 8 10 | 10.7
Dodging        | |  2.3

Action                     |  1- 3 |  4- 6 |  7- 9 || total
---------------------------+-------+-------+-------++-------
   Fire: Shortbow          |   114 |   177 |    29 ||   320
         Orcbow            |       |       |   316 ||   316
 Invoke: Heroism           |       |       |     1 ||     1
Ability: Hop               |     1 |     3 |     5 ||     9
    Use: Scroll            |       |       |     3 ||     3
         Potion            |       |       |     2 ||     2
 Armour: Leather armour    |    10 |    26 |       ||    36
         Scale mail        |       |       |   243 ||   243
         Skin              |       |       |    40 ||    40
  Dodge: Dodged            |    24 |    50 |   155 ||   229

Table legend: (Time is in decaauts)
 A = Elapsed time spent in this place.
 B = Non-inter-level travel time spent in this place.
 C = Inter-level travel time spent in this place.
 D = Time resting spent in this place.
 E = Time spent auto-exploring this place.
 F = Levels seen in this place.
 G = Mean time per level.
                   A        B        C        D        E       F      G
               +--------+--------+--------+--------+--------+-----+--------+
         Total |   7642 |   7293 |    349 |   1999 |   3975 |   8 |  955.2 |
       Dungeon |   7611 |   7281 |    330 |   1999 |   3975 |   7 | 1087.3 |
        Temple |     31 |     12 |     19 |      0 |      0 |   1 |   31.0 |
               +--------+--------+--------+--------+--------+-----+--------+

Top non-repeatable levels by time:
     D:6: 1604 daAuts
     D:2: 1474 daAuts
     D:3: 1327 daAuts
     D:4: 1286 daAuts
     D:5: 785 daAuts
     D:1: 771 daAuts
     D:7: 361 daAuts
  Temple: 31 daAuts
